 Dungeon Crawl Stone Soup version 0.32-a0-995-gb4a59205af (webtiles) character file.

Game seed: 5509724907604153459

240 GiantSquids the Chopper (level 6, -2/43 HPs)
             Began as an Octopode Cinder Acolyte on Apr 22, 2024.
             Was a High Priest of Ignis.
             Slain by Pikel
             ... wielding a +0 whip of flaming
              (6 damage)
             ... on level 4 of the Dungeon.
             The game lasted 00:06:44 (1938 turns).

GiantSquids the Chopper (Octopode Cinder Acolyte)   Turns: 1938, Time: 00:06:44

Health: -2/43      AC:  8    Str: 16    XL:     6   Next: 8%
Magic:  7/7        EV: 12    Int: 16    God:    Ignis [*****.]
Gold:   197        SH:  0    Dex:  7    Spells: 7/7 levels left

rFire   + . .        p - +0 war axe
rCold   + . .        (no shield)
rNeg    . . .        (helmet restricted)
rPois   .            (no amulet)
rElec   .            h - ring of protection from cold
rCorr   .            (no ring)
SInv    .            (no ring)
Will    .....        (no ring)
Stlth   +++          (no ring)
HPRegen 0.27/turn    (no ring)
MPRegen 0.10/turn    (no ring)
                     (no ring)

%: no passive effects
@: fiery-armoured
A: almost no armour, amphibious, 8 rings, camouflage 1, gelatinous body 1,
(nimble swimmer 1), tentacles
a: Renounce Religion, Fiery Armour, Foxfire Swarm, Rising Flame


You were on level 4 of the Dungeon.
You worshipped Ignis.
Ignis was extremely pleased with you.
You visited 1 branch of the dungeon, and saw 4 of its levels.

You collected 197 gold pieces.

Inventory:

Hand Weapons
 p - a +0 war axe (weapon)
Jewellery
 h - a ring of protection from cold (left tentacle)
Wands
 o - a wand of roots (8)
 r - a wand of flame (3)
Scrolls
 a - a scroll of revelation {unknown}
 c - 2 scrolls of blinking {unknown}
 d - 2 scrolls of identify {unknown}
 j - 2 scrolls of teleportation {unknown}
 k - a scroll of vulnerability {unknown}
 l - 2 scrolls of enchant armour {unknown}
 m - a scroll of fear {unknown}
 q - a scroll of torment {unknown}
Potions
 b - 4 potions of curing {unknown}
 e - a potion of invisibility {unknown}
 f - 3 potions of attraction {unknown}
 g - a potion of lignification {unknown}
 i - a potion of enlightenment {unknown}
 n - 2 potions of brilliance {unknown}


   Skills:
 + Level 4.0 Fighting
 * Level 4.7 Axes
 + Level 2.3 Dodging
 + Level 3.4 Stealth
 - Level 1.0 Spellcasting
 - Level 3.0 Fire Magic


You had 7 spell levels left.
You didn't know any spells.
Your spell library contained the following spells:

 Spells                   Type           Power      Damage    Failure   Level
 Scorch                   Fire           20%        2d5       10%         2
 Lesser Beckoning         Tloc           0%         N/A       34%         2
 Dazzling Flash           Conj/Hex       0%         N/A       56%         3
 Maxwell's Portable Pile  Tloc           0%         2d(5-13)  56%         3
 Teleport Other           Tloc           0%         N/A       56%         3
 Irradiate                Conj/Alch      0%         3d11      99%         5
 Magnavolt                Erth/Air       0%         3d9       100%        7


Dungeon Overview and Level Annotations

Branches:
Dungeon (3/15)             Temple (0/1) D:4

Altars:
Kikubaaqudgha
Xom

Shops:
D:2 =[=!(   D:3 (

Annotations:
D:4 1 runed translucent door, Pikel; jasper's ghost, amateur DsHs


Innate Abilities, Weirdness & Mutations

You cannot wear most types of armour.
You are amphibious.
You can wear up to eight rings at the same time.
Your skin changes colour to match your surroundings (Stealth+).
Your rubbery body absorbs attacks. (AC +1, EV +1)
((You are camouflaged when in or above water. (Stealth+)))
You have tentacles for arms and can constrict up to eight enemies at once.


Message History

The ogre closely misses you.
You slash the ogre!
You kill the ogre!
Your Fighting skill increases to level 4!
Your Stealth skill increases to level 3!
You have reached level 6!
You hit the lemure but do no damage. Your grab misses the lemure.
The lemure misses you.
You miss the lemure. You grab the lemure. You constrict the lemure.
The lemure closely misses you. The lemure hits you.
* * * LOW HITPOINT WARNING * * *
The lemure is burned by your cloak of flames.
The lemure is lightly wounded.
Okay, then.
Okay, then.
You hit the lemure. You squeeze the lemure!
The lemure is heavily wounded.
You constrict the lemure. The lemure hits you.
* * * LOW HITPOINT WARNING * * *
The lemure is burned by your cloak of flames.
The lemure is severely wounded.
You hit the lemure but do no damage. You squeeze the lemure.
You kill the lemure!
That felt strangely unrewarding.
You miss Pikel. Your grab misses Pikel. Pikel barely misses you.
Pikel hits you but does no damage.
A wight comes into view. It is wielding a +0 scimitar.
You miss Pikel. Your grab misses Pikel. Pikel hits you but does no damage.
Pikel is burned by your cloak of flames.
Pikel is lightly wounded.
You hit Pikel but do no damage. Your grab misses Pikel. You squeeze Pikel.
Pikel is moderately wounded.
Pikel closely misses you.
You hit Pikel. You grab Pikel.
Pikel is moderately wounded.
You constrict Pikel!
Pikel hits you with a +0 whip of flaming.
You die...
Pikel says, "Another soul for the market."
Ignis goes out, and joins you in death.

5..#...#..##.##...##### #
#.#......##.##...#####
#.#.#...(†................
. ...).....##.).###.###+##
.>.#.##...###.# #..# #.#
..#......# #..# #.#
#....#..z# #..# #_.
.#.##.#.#K## #..###.#
........#@.# +..# #.#
#.#.#.#.#### ##.###'##
..#.#.#.#### ##.......
........#>.#### #...#####
..............# ###.#
#########.##########.# #.#
#.)....# #.# #.######
.#########.# #.#


You could see Pikel and a wight.

Vanquished Creatures
  An ogre (D:4)
  4 lemures (D:4)
  Blork the orc (D:4)
  3 adders
  2 ribbon worms
  An orc (D:3)
  2 endoplasms (D:1)
  3 giant cockroaches
  7 goblins
  6 hobgoblins
  6 kobolds
  4 quokkas
  13 ball pythons
  5 bats
  A frilled lizard (D:1)
  3 rats
62 creatures vanquished.

Notes
Turn   | Place    | Note
-------+----------+-------------------------------------------
     0 | D:1      | GiantSquids the Octopode Cinder Acolyte began the quest for
                  | the Orb.
     0 | D:1      | Reached XP level 1. HP: 16/16 MP: 2/2
    28 | D:1      | Reached XP level 2. HP: 16/21 MP: 3/3
    91 | D:1      | Reached skill level 1 in Stealth
   380 | D:1      | Reached XP level 3. HP: 6/26 MP: 4/4
   382 | D:1      | Reached skill level 1 in Dodging
   568 | D:1      | Got Legegegu's Book of Lucent Grit
   627 | D:2      | Found Uppur's Distillery.
   914 | D:2      | Found Tonamemn's Weapon Emporium.
  1023 | D:2      | Found Igun's Jewellery Shoppe.
  1075 | D:2      | Found Temopteem's Jewellery Boutique.
  1106 | D:2      | Found Apue's Armour Emporium.
  1229 | D:2      | Reached XP level 4. HP: 31/31 MP: 5/5
  1525 | D:3      | Found Ejav Man's Antique Weapon Boutique.
  1700 | D:3      | You fall into a shaft and drop 1 floor!
  1705 | D:4      | Noticed an ogre
  1725 | D:4      | Found a shimmering altar of Xom.
  1743 | D:4      | Noticed jasper's ghost (amateur DsHs)
  1747 | D:4      | Noticed Blork the orc
  1749 | D:4      | Found a runed translucent door.
  1754 | D:4      | Killed Blork the orc
  1755 | D:4      | Reached XP level 5. HP: 17/37 MP: 6/6
  1855 | D:4      | Found an ancient bone altar of Kikubaaqudgha.
  1899 | D:4      | Found a staircase to the Ecumenical Temple.
  1903 | D:4      | Noticed a lemure
  1904 | D:4      | Noticed Pikel
  1908 | D:4      | Noticed a lemure
  1908 | D:4      | Noticed a lemure
  1913 | D:4      | Noticed a lemure
  1919 | D:4      | Killed a lemure
  1923 | D:4      | Killed a lemure
  1927 | D:4      | Killed a lemure
  1930 | D:4      | Killed an ogre
  1931 | D:4      | Reached XP level 6. HP: 9/43 MP: 7/7
  1933 | D:4      | HP: 2/43 [lemure[Pikel] (3)]
  1938 | D:4      | Slain by Pikel

Illustrated notes

Levels and vault maps discovered:
D:1:      dpeg_arrival_tiny_g, layout_rooms, serial_bayou, serial_bayou_lake_a,
          serial_bayou_pond_a, serial_bayou_crossing, serial_bayou_pond_b
D:2:      minmay_wonky_spiral, layout_basic, serial_shops, shop,
          nicolae_shop_temple_entry_statues_fountains, shop, shop, shop,
          minmay_tromino_v2
D:3:      layout_basic, marbit_many_paths, serial_shops,
          nicolae_shop_behind_doors, chequers_serial_rivers_micro_c,
          due_unseen_surprise
D:4:      layout_loops_ring, lemuel_round_altar, lemuel_doored_altar,
          kennysheep_little_box, minmay_temple_entry_ruins,
          hellmonk_ghost_happy_afterlife, uniq_pikel, uniq_blork_the_orc,
          uniq_ijyb

Skill      XL: |  1  2  3  4  5 |
---------------+----------------+-----
Stealth        | 1 2 3 |  3.4
Dodging        | 1 2 |  2.3
Axes           | 4 |  4.7
Fighting       | 4 |  4.0
Spellcasting   | |  1.0
Fire Magic     | |  3.0

Action                     |  1- 3 |  4- 6 || total
---------------------------+-------+-------++-------
  Melee: Hand axe          |    68 |     8 ||    76
         Constrict         |    10 |    12 ||    22
         Tentacles         |     9 |     8 ||    17
         War axe           |       |    52 ||    52
 Invoke: Fiery Armour      |     1 |     1 ||     2
   Stab: Sleeping          |     4 |     5 ||     9
 Armour: Skin              |    42 |    34 ||    76
  Dodge: Dodged            |    44 |    31 ||    75

Table legend: (Time is in decaauts)
 A = Elapsed time spent in this place.
 B = Non-inter-level travel time spent in this place.
 C = Inter-level travel time spent in this place.
 D = Time resting spent in this place.
 E = Time spent auto-exploring this place.
 F = Levels seen in this place.
 G = Mean time per level.
                   A        B        C        D        E       F      G
               +--------+--------+--------+--------+--------+-----+--------+
         Total |   1961 |   1916 |     45 |      0 |   1492 |   4 |  490.2 |
       Dungeon |   1961 |   1916 |     45 |      0 |   1492 |   4 |  490.2 |
               +--------+--------+--------+--------+--------+-----+--------+

Top non-repeatable levels by time:
     D:2: 763 daAuts
     D:1: 633 daAuts
     D:3: 316 daAuts
     D:4: 248 daAuts
